TOP OF THE 1ST |
Durham Rapiers batting - Pitching for Lancaster Farmers : LHP Sergio Zamora
|
Pitching: LHP Sergio Zamora
|
|
Batting: RHB Júlio Gonzáles
|
0-0: Ball 1-0: Called Strike 1-1: Ground out U3 (Groundball, 34)
|
Batting: RHB Armando Chamú
|
0-0: Called Strike 0-1: Ball 1-1: SINGLE (Groundball, 34D)
|
Batting: RHB Tomás Costello
|
0-0: Called Strike 0-1: Ball 1-1: Foul Ball, location: 2F 1-2: Ball 2-2: Ball 3-2: Fly out, F8 (Flyball, 8RM)
|
Batting: RHB Vincent Klein
|
0-0: Ball 1-0: Ball 2-0: Ball 3-0: Called Strike 3-1: Foul Ball, location: 2F 3-2: Base on Balls Armando Chamú to second
|
Batting: RHB Guillermo Mata
|
0-0: Foul Ball, location: 2F 0-1: Ball 1-1: SINGLE (Groundball, 6MD) Armando Chamú to third Vincent Klein to second Runner from 3rd tries for Home, SAFE, throw made home
|
Batting: RHB Yoshi Kouda
|
0-0: Ball 1-0: Foul Ball, location: 2F 1-1: Ball 2-1: DOUBLE (Groundball, 5L) Vincent Klein scores Guillermo Mata to third Runner from 3rd tries for Home, SAFE, no throw
|
Batting: SHB Cash Masters
|
0-0: Called Strike 0-1: Ball 1-1: SINGLE (Groundball, 6MD) Yoshi Kouda to third Runner from 3rd tries for Home, SAFE, no throw
|
Batting: SHB Wenceslas Holbeche
|
0-0: Ball 1-0: Swinging Strike 1-1: Ball 2-1: Called Strike 2-2: SINGLE (Groundball, 4D) Cash Masters to second Runner from 2nd tries for 3rd, SAFE, no throw
|
Batting: SHB Anthony Hopkins
|
0-0: Foul Ball, location: 2F 0-1: Foul Ball, location: 2F 0-2: Ball 1-2: Ball 2-2: Fielders Choice at 2nd, U4 (Groundball, 4M)
|
Top of the 1st over - 4 runs, 5 hits, 0 errors, 2 left on base; Durham 4 - Lancaster 0 |
BOTTOM OF THE 1ST |
Lancaster Farmers batting - Pitching for Durham Rapiers : RHP António Ríos
|
Pitching: RHP António Ríos
|
|
Batting: SHB Robert La Caze
|
0-0: Ball 1-0: Fly out, F7 (Flyball, 78S)
|
Batting: RHB Woodrow Terrebonne
|
0-0: Foul Ball, location: 2F 0-1: Ball 1-1: Ball 2-1: Ball 3-1: Called Strike 3-2: Base on Balls
|
Batting: RHB Alejandro Garza
|
0-0: Ball 1-0: Called Strike 1-1: Swinging Strike 1-2: Ball 2-2: Foul Ball, location: 2F 2-2: Foul Ball, location: 2F 2-2: Ball 3-2: Foul Ball, location: 2F 3-2: Strikes out swinging
|
Batting: RHB Gabe Cain
|
0-0: Fly out, F9 (Flyball, 9)
|
Bottom of the 1st over - 0 runs, 0 hits, 0 errors, 1 left on base; Durham 4 - Lancaster 0 |
TOP OF THE 2ND |
Durham Rapiers batting - Pitching for Lancaster Farmers : LHP Sergio Zamora
|
Batting: RHB Júlio Gonzáles
|
0-0: Ball 1-0: Swinging Strike 1-1: Swinging Strike 1-2: SINGLE (Flyball, 89M)
|
Batting: RHB Armando Chamú
|
0-0: Called Strike 0-1: Foul Ball, location: 2F 0-2: Strikes out swinging
|
Batting: RHB Tomás Costello
|
0-0: Called Strike Júlio Gonzáles is caught stealing 2nd base 0-1: Fly out, F9 (Flyball, 89D)
|
Top of the 2nd over - 0 runs, 1 hit, 0 errors, 0 left on base; Durham 4 - Lancaster 0 |
BOTTOM OF THE 2ND |
Lancaster Farmers batting - Pitching for Durham Rapiers : RHP António Ríos
|
Batting: LHB Tullu Amaad
|
0-0: Ball 1-0: Ball 2-0: Foul Ball, location: 2F 2-1: Ground out 4-3 (Groundball, 4)
|
Batting: RHB Cosmo Castanhedo
|
0-0: Called Strike 0-1: Swinging Strike 0-2: Foul Ball, location: 2F 0-2: Ball 1-2: SINGLE (Groundball, 34D)
|
Batting: LHB Carlos Germán
|
0-0: Foul Ball, location: 2F 0-1: Ball 1-1: Called Strike 1-2: Ball 2-2: Foul Ball, location: 2F 2-2: Fly out, F7 (Flyball, 7)
|
Batting: SHB Sven Spee
|
0-0: Fielders Choice at 2nd, 5-4 (Groundball, 56)
|
Bottom of the 2nd over - 0 runs, 1 hit, 0 errors, 1 left on base; Durham 4 - Lancaster 0 |
TOP OF THE 3RD |
Durham Rapiers batting - Pitching for Lancaster Farmers : LHP Sergio Zamora
|
Batting: RHB Vincent Klein
|
0-0: Ball 1-0: Foul Ball, location: 2F 1-1: Fly out, F5 (Line Drive, 5)
|
Batting: RHB Guillermo Mata
|
0-0: Ball 1-0: Ball 2-0: Reached on error, E5 (Groundball, 5)
|
Batting: RHB Yoshi Kouda
|
0-0: Grounds into double play, 4-6-3 (Groundball, 4)
|
Top of the 3rd over - 0 runs, 0 hits, 1 error, 0 left on base; Durham 4 - Lancaster 0 |
BOTTOM OF THE 3RD |
Lancaster Farmers batting - Pitching for Durham Rapiers : RHP António Ríos
|
Batting: RHB Danijel van Aalten
|
0-0: Ball 1-0: Ball 2-0: Called Strike 2-1: Swinging Strike 2-2: Ground out 6-3 (Groundball, 6)
|
Batting: SHB Robert La Caze
|
0-0: Ball 1-0: Swinging Strike 1-1: Swinging Strike 1-2: Ball 2-2: Foul Ball, location: 2F 2-2: Strikes out swinging
|
Batting: RHB Woodrow Terrebonne
|
0-0: SINGLE (Groundball, 4MD)
|
Batting: RHB Alejandro Garza
|
0-0: Called Strike 0-1: Ball 1-1: Ground out 5-3 (Groundball, 56S)
|
Bottom of the 3rd over - 0 runs, 1 hit, 0 errors, 1 left on base; Durham 4 - Lancaster 0 |
TOP OF THE 4TH |
Durham Rapiers batting - Pitching for Lancaster Farmers : LHP Sergio Zamora
|
Batting: SHB Cash Masters
|
0-0: Called Strike 0-1: Foul Ball, location: 2F 0-2: Foul Ball, location: 2F 0-2: Ball 1-2: SINGLE (Line Drive, 89S)
|
Batting: SHB Wenceslas Holbeche
|
0-0: Ball 1-0: Foul Ball, location: 2F 1-1: Fielders Choice at 2nd, 1-4 (Groundball, 15S)
|
Batting: SHB Anthony Hopkins
|
0-0: Swinging Strike 0-1: Ball 1-1: Ball 2-1: Ball 3-1: SINGLE (Groundball, 34D) Wenceslas Holbeche to second Runner from 2nd tries for 3rd, SAFE, no throw
|
Batting: RHB Júlio Gonzáles
|
0-0: Fly out, F8 (Flyball, 8LM) Runner from 3rd tags up, SCORES, no throw
|
Batting: RHB Armando Chamú
|
0-0: Fly out, F8 (Flyball, 8RD)
|
Top of the 4th over - 1 run, 2 hits, 0 errors, 1 left on base; Durham 5 - Lancaster 0 |
BOTTOM OF THE 4TH |
Lancaster Farmers batting - Pitching for Durham Rapiers : RHP António Ríos
|
Batting: RHB Gabe Cain
|
0-0: DOUBLE (Groundball, 5L)
|
Batting: LHB Tullu Amaad
|
0-0: Ball 1-0: Fly out, F3 (Popup, 3S)
|
Batting: RHB Cosmo Castanhedo
|
0-0: Called Strike 0-1: Ball 1-1: Fly out, F8 (Flyball, 8LS)
|
Batting: LHB Carlos Germán
|
0-0: Fly out, F5 (Flyball, 56D)
|
Bottom of the 4th over - 0 runs, 1 hit, 0 errors, 1 left on base; Durham 5 - Lancaster 0 |
TOP OF THE 5TH |
Durham Rapiers batting - Pitching for Lancaster Farmers : LHP Sergio Zamora
|
Batting: RHB Tomás Costello
|
0-0: Ground out 4-3 (Groundball, 4)
|
Batting: RHB Vincent Klein
|
0-0: Ball 1-0: Ground out 2-3 (Groundball, 2L)
|
Batting: RHB Guillermo Mata
|
0-0: Ball 1-0: Fly out, F4 (Line Drive, 4M)
|
Top of the 5th over - 0 runs, 0 hits, 0 errors, 0 left on base; Durham 5 - Lancaster 0 |
BOTTOM OF THE 5TH |
Lancaster Farmers batting - Pitching for Durham Rapiers : RHP António Ríos
|
Batting: SHB Sven Spee
|
0-0: Called Strike 0-1: Ball 1-1: Ball 2-1: Foul Ball, location: 2F 2-2: Ground out 6-3 (Groundball, 6)
|
Batting: RHB Danijel van Aalten
|
0-0: Called Strike 0-1: Foul Ball, location: 2F 0-2: SINGLE (Line Drive, 34)
|
Batting: SHB Robert La Caze
|
0-0: Ball 1-0: Ball Danijel van Aalten steals 2nd base 2-0: Ball Danijel van Aalten steals 3rd base 3-0: Foul Ball, location: 2F 3-1: Foul Ball, location: 2F 3-2: Base on Balls
|
Batting: RHB Woodrow Terrebonne
|
0-0: Ball 1-0: Ball Robert La Caze steals 2nd base 2-0: Foul Ball, location: 2F 2-1: Ball 3-1: Foul Ball, location: 2F 3-2: Foul Ball, location: 2F 3-2: Ground out U3 (Groundball, 3)
|
Batting: RHB Alejandro Garza
|
0-0: Called Strike 0-1: Ball 1-1: Swinging Strike 1-2: Strikes out looking
|
Bottom of the 5th over - 0 runs, 1 hit, 0 errors, 2 left on base; Durham 5 - Lancaster 0 |
TOP OF THE 6TH |
Durham Rapiers batting - Pitching for Lancaster Farmers : LHP Sergio Zamora
|
Pitching: RHP Selim Ferré
|
|
Batting: RHB Yoshi Kouda
|
0-0: Ball 1-0: Swinging Strike 1-1: Foul Ball, location: 2F 1-2: Foul Ball, location: 2F 1-2: Strikes out swinging
|
Batting: SHB Cash Masters
|
0-0: Foul Ball, location: 2F 0-1: DOUBLE (Line Drive, 89XD)
|
Batting: SHB Wenceslas Holbeche
|
0-0: Ground out 6-3 (Groundball, 6S) Cash Masters to third
|
Batting: SHB Anthony Hopkins
|
0-0: Ball 1-0: Ball 2-0: Ball 3-0: Called Strike 3-1: Foul Ball, location: 2F 3-2: Ground out 4-3 (Groundball, 4M)
|
Top of the 6th over - 0 runs, 1 hit, 0 errors, 1 left on base; Durham 5 - Lancaster 0 |
BOTTOM OF THE 6TH |
Lancaster Farmers batting - Pitching for Durham Rapiers : RHP António Ríos
|
Batting: RHB Gabe Cain
|
0-0: Foul Ball, location: 2F 0-1: Ball 1-1: SINGLE (Flyball, 78M)
|
Batting: LHB Tullu Amaad
|
0-0: Ball 1-0: Swinging Strike 1-1: Ball 2-1: Foul Ball, location: 2F 2-2: Foul Ball, location: 2F 2-2: Ball 3-2: Base on Balls Gabe Cain to second
|
Batting: RHB Cosmo Castanhedo
|
0-0: Called Strike 0-1: Foul Ball, location: 2F 0-2: Ball 1-2: Fly out, F4 (Line Drive, 4)
|
Batting: LHB Carlos Germán
|
0-0: Ball 1-0: Grounds out, U3 (Groundball, 3L) Gabe Cain to third
|
Batting: SHB Sven Spee
|
0-0: Foul Ball, location: 2F 0-1: Foul Ball, location: 2F 0-2: Ground out 6-3 (Groundball, 6)
|
Bottom of the 6th over - 0 runs, 1 hit, 0 errors, 2 left on base; Durham 5 - Lancaster 0 |
TOP OF THE 7TH |
Durham Rapiers batting - Pitching for Lancaster Farmers : RHP Selim Ferré
|
Batting: RHB Júlio Gonzáles
|
0-0: Called Strike 0-1: Foul Ball, location: 2F 0-2: Ball 1-2: Ground out 1-3 (Groundball, 13)
|
Batting: RHB Armando Chamú
|
0-0: Ball 1-0: Foul Ball, location: 2F 1-1: Ball 2-1: Swinging Strike 2-2: Ball 3-2: Foul Ball, location: 2F 3-2: SINGLE (Line Drive, 6D)
|
Batting: RHB Tomás Costello
|
0-0: Ball 1-0: Called Strike 1-1: Called Strike 1-2: Ball 2-2: Strikes out swinging
|
Batting: RHB Vincent Klein
|
0-0: Ball 1-0: Ball 2-0: Foul Ball, location: 2F 2-1: Swinging Strike 2-2: Ball 3-2: Ground out 5-3 (Groundball, 5L)
|
Top of the 7th over - 0 runs, 1 hit, 0 errors, 1 left on base; Durham 5 - Lancaster 0 |
BOTTOM OF THE 7TH |
Lancaster Farmers batting - Pitching for Durham Rapiers : RHP António Ríos
|
Batting: RHB Danijel van Aalten
|
0-0: Swinging Strike 0-1: Ball 1-1: Ball 2-1: Ground out 5-3 (Groundball, 56S)
|
Batting: SHB Robert La Caze
|
0-0: Ball 1-0: Called Strike 1-1: Swinging Strike 1-2: SINGLE (Groundball, 56S) (infield hit)
|
Batting: RHB Woodrow Terrebonne
|
0-0: Ball 1-0: Foul Ball, location: 2F 1-1: Called Strike 1-2: 2-RUN HOME RUN (Flyball, 7LD), Distance : 366 ft
|
Pitching: RHP Javier Hernández
|
|
Batting: RHB Alejandro Garza
|
0-0: Ball 1-0: Ground out 6-3 (Groundball, 56)
|
Batting: RHB Gabe Cain
|
0-0: Fly out, F8 (Flyball, 8RXD)
|
Bottom of the 7th over - 2 runs, 2 hits, 0 errors, 0 left on base; Durham 5 - Lancaster 2 |
TOP OF THE 8TH |
Durham Rapiers batting - Pitching for Lancaster Farmers : RHP Selim Ferré
|
Batting: RHB Guillermo Mata
|
0-0: Called Strike 0-1: Ground out 4-3 (Groundball, 4)
|
Batting: RHB Yoshi Kouda
|
0-0: Called Strike 0-1: SINGLE (Groundball, 25) (infield hit)
|
Batting: SHB Cash Masters
|
0-0: Called Strike 0-1: Foul Ball, location: 2F 0-2: Ball 1-2: Foul Ball, location: 2F 1-2: Foul Ball, location: 2F 1-2: Foul Ball, location: 2F 1-2: Fly out, F9 (Flyball, 9LM)
|
Pitching: RHP Raúl Nieto
|
|
Batting: SHB Wenceslas Holbeche
|
0-0: Swinging Strike 0-1: Swinging Strike 0-2: Ball 1-2: Ball 2-2: Strikes out looking
|
Top of the 8th over - 0 runs, 1 hit, 0 errors, 1 left on base; Durham 5 - Lancaster 2 |
BOTTOM OF THE 8TH |
Lancaster Farmers batting - Pitching for Durham Rapiers : RHP Javier Hernández
|
Batting: LHB Tullu Amaad
|
0-0: Ball 1-0: Ball 2-0: Ball 3-0: Base on Balls
|
Batting: RHB Cosmo Castanhedo
|
0-0: Foul Ball, location: 2F 0-1: Ball 1-1: Ball 2-1: Ball 3-1: SINGLE (Line Drive, 7S) Tullu Amaad to second
|
Batting: LHB Carlos Germán
|
0-0: Ball 1-0: SINGLE (Groundball, 4MD) Tullu Amaad to third Cosmo Castanhedo to second
|
Batting: SHB Sven Spee
|
0-0: DOUBLE (Flyball, 78D) Tullu Amaad scores Cosmo Castanhedo scores Carlos Germán to third
|
Pinch Hitting: LHB Mark Armstead
|
0-0: Called Strike 0-1: Swinging Strike 0-2: SINGLE (Groundball, 4M) Carlos Germán scores Sven Spee to third Runner from 3rd tries for Home, SAFE, no throw
|
Pitching: RHP Francisco Rivera
|
|
Batting: SHB Robert La Caze
|
0-0: Bunt missed! 0-1: Bunt missed! 0-2: Ball 1-2: Fly out, F9 (Flyball, 9S)
|
Pinch Hitting: LHB Pancho Farías
|
0-0: Foul Ball, location: 2F 0-1: Ball 1-1: Foul Ball, location: 2F 1-2: Ball 2-2: SINGLE (Groundball, 4MD) Mark Armstead to second
|
Batting: RHB Alejandro Garza
|
0-0: 3-RUN HOME RUN (Flyball, 7D), Distance : 375 ft
|
Pitching: RHP Cecil Beijeman
|
|
Batting: RHB Gabe Cain
|
0-0: Called Strike 0-1: Swinging Strike 0-2: Ball 1-2: Fly out, F1 (Line Drive, 15)
|
Batting: LHB Tullu Amaad
|
0-0: Called Strike 0-1: Ball 1-1: Foul Ball, location: 2F 1-2: Ball 2-2: Fly out, F9 (Flyball, 89D)
|
Bottom of the 8th over - 7 runs, 6 hits, 0 errors, 0 left on base; Durham 5 - Lancaster 9 |
TOP OF THE 9TH |
Durham Rapiers batting - Pitching for Lancaster Farmers : RHP Raúl Nieto
|
Now at 3B: Pancho Farías
|
|
Now in LF: Mark Armstead
|
|
Batting: SHB Anthony Hopkins
|
0-0: Ball 1-0: Called Strike 1-1: Called Strike 1-2: Strikes out swinging
|
Batting: RHB Júlio Gonzáles
|
0-0: Swinging Strike 0-1: Foul Ball, location: 2F 0-2: Ball 1-2: Foul Ball, location: 2F 1-2: Ball 2-2: Ball 3-2: SINGLE (Groundball, 56) (infield hit)
|
Batting: RHB Armando Chamú
|
0-0: Ball 1-0: Foul Ball, location: 2F 1-1: Called Strike 1-2: Ball 2-2: Strikes out swinging
|
Batting: RHB Tomás Costello
|
0-0: Ball 1-0: SINGLE (Groundball, 4MD) Júlio Gonzáles to second
|
Pitching: RHP Woody Hudson
|
|
Batting: RHB Vincent Klein
|
0-0: Ground out 5-3 (Groundball, 5S)
|
Top of the 9th over - 0 runs, 2 hits, 0 errors, 2 left on base; Durham 5 - Lancaster 9 |
|